 Dungeon Crawl Stone Soup version 0.31.0 (webtiles) character file.

Game seed: 15279936077617736276

851 Sweeb the Conjurer (level 8, -3/46 HPs)
             Began as an Octopode Conjurer on Jan 19, 2024.
             Slain by Duvessa the hound (6 damage)
             ... on level 5 of the Dungeon.
             The game lasted 00:15:15 (5698 turns).

Sweeb the Conjurer (Octopode Conjurer)              Turns: 5698, Time: 00:15:16

Health: -3/46      AC:  1    Str:  9    XL:     8   Next: 1%
Magic:  8/23       EV: 15    Int: 23    God:
Gold:   237        SH:  0    Dex: 16    Spells: 9/15 levels left

rFire   . . .        l - +11 trident of the Ethereal God {flame, Str+3}
rCold   . . .        (no shield)
rNeg    . . .        (helmet restricted)
rPois   .            (no amulet)
rElec   .            p - ring of magical power
rCorr   .            k - +6 ring of dexterity
SInv    .            (no ring)
Will    .....        (no ring)
Stlth   +++          (no ring)
HPRegen 0.27/turn    (no ring)
MPRegen 0.18/turn    (no ring)
                     (no ring)

%: no passive effects
@: no status effects
A: almost no armour, amphibious, 8 rings, camouflage 1, gelatinous body 1,
(nimble swimmer 1), tentacles
a: no special abilities


You were on level 5 of the Dungeon.
You visited 1 branch of the dungeon, and saw 5 of its levels.

You collected 237 gold pieces.

Inventory:

Hand Weapons
 l - the +11 trident of the Ethereal God (weapon) {flame, Str+3}
   (You found it on level 4 of the Dungeon)

   Str+3:     It affects your strength (+3).
Jewellery
 i - a ring of ice
 k - a +6 ring of dexterity (right tentacle)
 o - a ring of wizardry
 p - a ring of magical power (left tentacle)
Wands
 g - a wand of roots (19)
 n - a wand of polymorph (4)
Scrolls
 a - 4 scrolls of teleportation
 h - a scroll of noise
 m - a scroll of amnesia
 q - a scroll of revelation
 r - a scroll of enchant armour {unknown}
 u - 2 scrolls of identify
Potions
 b - a potion of brilliance
 c - a potion of cancellation {unknown}
 d - a potion of attraction {unknown}
 e - 3 potions of degeneration
 f - 3 potions of enlightenment
 j - a potion of might {unknown}
 s - a potion of curing
 t - a potion of haste {unknown}


   Skills:
 + Level 4.8 Dodging
 - Level 2.6 Stealth
 + Level 4.4 Spellcasting
 + Level 6.0 Conjurations
 - Level 2.8 Alchemy
 + Level 2.6 Evocations


You had 9 spell levels left.
You knew the following spells:

 Your Spells              Type           Power      Damage    Failure   Level
a - Magic Dart            Conj           100%       1d8       1%          1
b - Searing Ray           Conj           64%        2d6       1%          2
c - Sting                 Conj/Alch      100%       1d9       1%          1
d - Mercury Vapours       Alch/Air       22%        N/A       9%          2

Your spell library contained the following spells:

 Spells                   Type           Power      Damage    Failure   Level
 Apportation              Tloc           10%        N/A       10%         1
 Necrotise                Necr           20%        1d5       10%         1
 Slow                     Hex            20%        N/A       10%         1
 Summon Small Mammal      Summ           20%        N/A       10%         1
 Call Imp                 Summ           10%        N/A       16%         2
 Sublimation of Blood     Necr           5%         N/A       16%         2
 Fulminant Prism          Conj/Alch      12%        3d8       16%         4
 Iskenderun's Mystic Bla  Conj/Tloc      18%        2d6       28%         4
 Confusing Touch          Hex            5%         N/A       30%         3
 Gell's Gravitas          Tloc           5%         N/A       30%         3
 Sigil of Binding         Hex            5%         N/A       30%         3
 Teleport Other           Tloc           5%         N/A       30%         3
 Vampiric Draining        Necr           5%         2d6       30%         3
 Olgreb's Toxic Radiance  Alch           18%        N/A       30%         4
 Dispersal                Tloc           2%         N/A       100%        6
 Summon Hydra             Summ           2%         N/A       100%        7


Dungeon Overview and Level Annotations

Branches:
Dungeon (5/15)
 Temple: D:4-7

Altars:
Dithmenos
Makhleb
Okawaru

Shops:
D:4 !

Annotations:
D:2 1 runed translucent door, Crazy Yiuf
D:5 Duvessa


Innate Abilities, Weirdness & Mutations

You cannot wear most types of armour.
You are amphibious.
You can wear up to eight rings at the same time.
Your skin changes colour to match your surroundings (Stealth+).
Your rubbery body absorbs attacks. (AC +1, EV +1)
((You are camouflaged when in or above water. (Stealth+)))
You have tentacles for arms and can constrict up to eight enemies at once.


Message History

Casting: Mercury Vapours (safe; 9% risk of failure)
Confirm with . or Enter, or press ? or * to list all spells.
Aiming: Searing Ray (safe; 1% risk of failure)
Press: ? - help, Shift-Dir - straight line, f - Dowan, p - Duvessa
Aim: Dowan, wielding a +0 dagger and wearing a +0 robe (moderately wounded, weak, 73% to hit)
The searing ray hits Duvessa!
Duvessa is moderately wounded.
The searing ray hits Dowan!
Dowan is severely wounded. (Press . to maintain the ray.)
The searing ray hits Duvessa.
Duvessa is heavily wounded.
The searing ray misses Dowan.
Duvessa zaps a wand.
The puff of flame hits you!
* * * LOW HITPOINT WARNING * * *
The searing ray hits Duvessa.
Duvessa is heavily wounded.
The searing ray hits Dowan!
You kill Dowan!
Duvessa screams in rage.
Duvessa goes berserk!
Duvessa hits you with a +0 short sword.
* * * LOW HITPOINT WARNING * * *
Your Conjurations skill increases to level 6!
You have reached level 8!
Okay, then.
Okay, then.
Okay, then.
Aiming: Polymorph
Press: ? - help, Q - select action, (/) - cycle Shift-Dir - straight line, f - Duvessa
Aim: Duvessa, wielding a +0 short sword, wearing a +0 scale mail and carrying a wand of flame (heavily wounded, berserk, very poisoned, weak, will become a hound, a rime drake, or an ice beast, chance to affect: 37%) Duvessa evaporates and reforms as a hound!
Duvessa bites you.
* * * LOW HITPOINT WARNING * * *
Duvessa attacks as it pursues you! Duvessa completely misses you.
Aiming: Fastroot
Press: ? - help, Shift-Dir - straight line, f/p - Duvessa
Aim: Duvessa the hound (heavily wounded)
The roots erupt in riotous growth!
Roots grab Duvessa.
The grasping roots constrict Duvessa.
Duvessa bites you.
You die...

##.##...## #.#
.........## #.#
......##..###..
........#..####
.######..#.# ## ##.#.#
#.#.# #...#########
#####.......@h)#
#####..........####).....
......###...#### )....
.....######..# ....
.###...#####.# ..$
###.......# .. ######..#
. ####


You could see Duvessa the hound (rooted).

Vanquished Creatures
  Blork the orc (D:5)
  A gnoll sergeant (D:5)
  A scorpion (D:5)
  Dowan (D:5)
  2 bombardier beetles
  3 hounds
  3 jellies
  2 iguanas (D:4)
  Natasha (thrice) (D:3)
  Robin (D:2)
  10 gnolls
  3 adders
  2 ribbon worms
  4 dart slugs
  7 orcs
  7 ball pythons
  7 endoplasms
  2 giant cockroaches (D:1)
  16 goblins
  12 hobgoblins
  3 jackals (D:1)
  8 kobolds
  5 quokkas
  8 bats
  7 frilled lizards
  5 rats (D:1)
124 creatures vanquished.

Notes
Turn   | Place    | Note
-------+----------+-------------------------------------------
     0 | D:1      | Sweeb the Octopode Conjurer began the quest for the Orb.
     0 | D:1      | Reached XP level 1. HP: 11/11 MP: 3/3
    72 | D:1      | Reached XP level 2. HP: 17/17 MP: 0/5
   453 | D:1      | Reached XP level 3. HP: 21/21 MP: 0/6
  1227 | D:2      | Learned a level 2 spell: Searing Ray
  1229 | D:2      | Learned a level 1 spell: Sting
  1317 | D:2      | Noticed Robin
  1506 | D:2      | Killed Robin
  1507 | D:2      | Reached XP level 4. HP: 27/27 MP: 1/8
  1671 | D:2      | Reached skill level 1 in Alchemy
  1757 | D:2      | Reached XP level 5. HP: 11/31 MP: 4/9
  2358 | D:2      | Found a runed translucent door.
  2359 | D:2      | Noticed Crazy Yiuf
  2693 | D:3      | Found a shadowy altar of Dithmenos.
  2978 | D:3      | Noticed Natasha
  2981 | D:3      | Killed Natasha
  3472 | D:3      | Noticed Natasha
  3479 | D:3      | Killed Natasha
  3480 | D:3      | Reached skill level 5 in Conjurations
  3480 | D:3      | Reached XP level 6. HP: 36/36 MP: 0/10
  3491 | D:3      | Noticed Natasha
  3563 | D:3      | Killed Natasha
  3613 | D:3      | Learned a level 2 spell: Mercury Vapours
  3697 | D:4      | Found a burning altar of Makhleb.
  4147 | D:4      | Found Yfuavu's Distillery.
  4190 | D:4      | Identified the +11 trident of the Ethereal God {flame,
                  | Str+3}
  4400 | D:4      | Reached XP level 7. HP: 38/41 MP: 8/12
  4598 | D:4      | Found an iron altar of Okawaru.
  4735 | D:4      | Reached skill level 1 in Evocations
  4896 | D:5      | Entered Level 5 of the Dungeon
  5681 | D:5      | Noticed Blork the orc
  5687 | D:5      | Noticed Dowan
  5687 | D:5      | Noticed Duvessa
  5689 | D:5      | Killed Blork the orc
  5695 | D:5      | Killed Dowan
  5696 | D:5      | Reached skill level 6 in Conjurations
  5696 | D:5      | Reached XP level 8. HP: 4/46 MP: 7/14
  5696 | D:5      | Duvessa changed into Duvessa the hound
  5696 | D:5      | Noticed Duvessa
  5698 | D:5      | Slain by Duvessa the hound

Illustrated notes

Levels and vault maps discovered:
D:1:      denvon_arrival_planthouse, layout_rooms,
          amcnicky_mini_rare_corridor_liquid, minmay_misc_feat_room
D:2:      layout_loops_ring, grunt_ministairs_3, st_stairs_12,
          minmay_hedge_maze, uniq_robin, uniq_crazy_yiuf_cottage
D:3:      layout_basic, lemuel_coloured_pillars_altar, uniq_natasha
D:4:      layout_basic, bloody_makhleb, okawaru_altar_gauntlet_db, serial_shops,
          nicolae_shop_behind_doors
D:5:      layout_rooms, uniq_blork_the_orc, uniq_duvessa

Skill      XL: |  1  2  3  4  5  6  7 |
---------------+----------------------+-----
Dodging        | 3 4 |  4.8
Alchemy        | 1 2 |  2.8
Spellcasting   | 3 4 |  4.4
Conjurations   | 5 6 |  6.0
Evocations     | 2 |  2.6
Stealth        | |  2.6

Action                     |  1- 3 |  4- 6 |  7- 9 || total
---------------------------+-------+-------+-------++-------
  Melee: Unarmed           |    11 |       |       ||    11
         Constrict         |     2 |     1 |     2 ||     5
         Punch             |     1 |     1 |       ||     2
         Trident           |       |     2 |     6 ||     8
         Tentacles         |       |     1 |     2 ||     3
   Cast: Magic Dart        |    70 |    60 |    16 ||   146
         Sting             |     4 |     2 |     3 ||     9
         Searing Ray       |       |    15 |    14 ||    29
         Mercury Vapours   |       |     5 |     8 ||    13
  Evoke: Wand              |       |       |     2 ||     2
    Use: Scroll            |     3 |     4 |     9 ||    16
         Potion            |       |     1 |     1 ||     2
 Armour: Skin              |     6 |     4 |    28 ||    38
  Dodge: Dodged            |    11 |    11 |    25 ||    47
